| TOP OF THE 1ST |
|
Elizabethton Twins batting - Pitching for Pulaski Yankees : RHP Alex Roman
|
|
Pitching: RHP Alex Roman
|
|
|
Batting: SHB Nadhir Umayr
|
0-0: Bunt missed! 0-1: Called Strike 0-2: Foul Ball, location: 2F 0-2: Strikes out looking
|
|
Batting: RHB Josh Harmon
|
0-0: Ball 1-0: Fly out, F9 (Flyball, 9S, EV 87.5 MPH)
|
|
Batting: RHB Ratko Macura
|
0-0: SINGLE (Line Drive, 4MD, EV 96.2 MPH)
|
|
Batting: LHB David Ramos
|
0-0: Ball 1-0: Swinging Strike 1-1: TRIPLE (Flyball, 8RXD, EV 97.5 MPH) Ratko Macura scores
|
|
Batting: RHB Nestor Moreno
|
0-0: Ball 1-0: Swinging Strike 1-1: Ball 2-1: Ground out 6-3 (Groundball, 6, EV 81.9 MPH)
|
| Top of the 1st over - 1 run, 2 hits, 0 errors, 1 left on base; Elizabethton 1 - Pulaski 0 |
| BOTTOM OF THE 1ST |
|
Pulaski Yankees batting - Pitching for Elizabethton Twins : LHP Chris Smith
|
|
Pitching: LHP Chris Smith
|
|
|
Batting: LHB Carlos Palau
|
0-0: Ball 1-0: Foul Ball, location: 2F 1-1: Called Strike 1-2: Foul Ball, location: 2F 1-2: Foul Ball, location: 2F 1-2: Ball 2-2: Foul Ball, location: 2F 2-2: Ball 3-2: Strikes out swinging
|
|
Batting: RHB Paul Ngumi
|
0-0: Swinging Strike 0-1: Foul Ball, location: 2F 0-2: Ball 1-2: Strikes out swinging
|
|
Batting: LHB Justin Short
|
0-0: Ball 1-0: Foul Ball, location: 2F 1-1: Fly out, F9 (Flyball, 9LS, EV 91.2 MPH)
|
| Bottom of the 1st over - 0 runs, 0 hits, 0 errors, 0 left on base; Elizabethton 1 - Pulaski 0 |
| TOP OF THE 2ND |
|
Elizabethton Twins batting - Pitching for Pulaski Yankees : RHP Alex Roman
|
|
Batting: SHB Rodrigo Mendoza
|
0-0: Ball 1-0: Ball 2-0: Ground out 4-3 (Groundball, 4, EV 81.2 MPH)
|
|
Batting: RHB Jorge Corte
|
0-0: Ball 1-0: Ball 2-0: Swinging Strike 2-1: Swinging Strike 2-2: Strikes out looking
|
|
Batting: SHB Ed Mosqueda
|
0-0: Ball 1-0: SOLO HOME RUN (Line Drive, 9D, EV 101.2 MPH), Distance : 392 ft
|
|
Batting: LHB Joey Zamora
|
0-0: Foul Ball, location: 2F 0-1: Ball 1-1: Ground out U3 (Groundball, 34, EV 96.9 MPH)
|
| Top of the 2nd over - 1 run, 1 hit, 0 errors, 0 left on base; Elizabethton 2 - Pulaski 0 |
| BOTTOM OF THE 2ND |
|
Pulaski Yankees batting - Pitching for Elizabethton Twins : LHP Chris Smith
|
|
Batting: RHB Ken Stair
|
0-0: Foul Ball, location: 2F 0-1: Foul Ball, location: 2F 0-2: Ball 1-2: SOLO HOME RUN (Flyball, 9D, EV 100.0 MPH), Distance : 370 ft
|
|
Batting: RHB Michael Patterson
|
0-0: Called Strike 0-1: Ball 1-1: Swinging Strike 1-2: Ball 2-2: Ball 3-2: Base on Balls
|
|
Batting: SHB Dylan Best
|
0-0: Called Strike 0-1: Ball 1-1: Foul Ball, location: 2F 1-2: Ball 2-2: Foul Ball, location: 2F 2-2: Strikes out swinging
|
|
Batting: RHB Tchaa Kombate
|
0-0: Ball 1-0: Called Strike 1-1: Ball 2-1: Foul Ball, location: 2F 2-2: Foul Ball, location: 2F 2-2: Foul Ball, location: 2F 2-2: Ball 3-2: Foul Ball, location: 2F 3-2: Base on Balls Michael Patterson to second
|
|
Batting: RHB Edwin Sierra
|
0-0: Swinging Strike 0-1: Ball 1-1: Swinging Strike 1-2: Ball 2-2: Strikes out swinging
|
|
Batting: RHB Mustafa bin Gamali
|
0-0: Called Strike 0-1: Swinging Strike 0-2: Ball 1-2: Ball 2-2: Strikes out swinging
|
| Bottom of the 2nd over - 1 run, 1 hit, 0 errors, 2 left on base; Elizabethton 2 - Pulaski 1 |
| TOP OF THE 3RD |
|
Elizabethton Twins batting - Pitching for Pulaski Yankees : RHP Alex Roman
|
|
Batting: SHB Nadhir Umayr
|
0-0: Called Strike 0-1: Ball 1-1: Called Strike 1-2: Ball 2-2: Foul Ball, location: 2F 2-2: Strikes out swinging
|
|
Batting: RHB Josh Harmon
|
0-0: Called Strike 0-1: Called Strike 0-2: Ball 1-2: Ball 2-2: Strikes out swinging
|
|
Batting: RHB Ratko Macura
|
0-0: Called Strike 0-1: Ball 1-1: Foul Ball, location: 2F 1-2: Ball 2-2: Foul Ball, location: 2F 2-2: Foul Ball, location: 2F 2-2: Ground out 6-3 (Groundball, 6, EV 100.6 MPH)
|
| Top of the 3rd over - 0 runs, 0 hits, 0 errors, 0 left on base; Elizabethton 2 - Pulaski 1 |
| BOTTOM OF THE 3RD |
|
Pulaski Yankees batting - Pitching for Elizabethton Twins : LHP Chris Smith
|
|
Batting: LHB Carlos Palau
|
0-0: Called Strike 0-1: Swinging Strike 0-2: Ball 1-2: Ball 2-2: Hit by Pitch
|
|
Batting: RHB Paul Ngumi
|
0-0: Ball 1-0: Ball 2-0: Ball 3-0: Called Strike 3-1: Base on Balls Carlos Palau to second
|
|
Batting: LHB Justin Short
|
0-0: Foul Ball, location: 2F 0-1: Foul Ball, location: 2F 0-2: Ball 1-2: Foul Ball, location: 2F 1-2: 3-RUN HOME RUN (Flyball, 9D, EV 96.9 MPH), Distance : 377 ft
|
|
Batting: RHB Ken Stair
|
0-0: Ball 1-0: Foul Ball, location: 2F 1-1: Called Strike 1-2: Strikes out swinging
|
|
Batting: RHB Michael Patterson
|
0-0: Foul Ball, location: 2F 0-1: Called Strike 0-2: Foul Ball, location: 2F 0-2: Ball 1-2: Strikes out swinging
|
|
Batting: SHB Dylan Best
|
0-0: Ball 1-0: Ball 2-0: Called Strike 2-1: Ground out 6-3 (Groundball, 6, EV 99.4 MPH)
|
| Bottom of the 3rd over - 3 runs, 1 hit, 0 errors, 0 left on base; Elizabethton 2 - Pulaski 4 |
| TOP OF THE 4TH |
|
Elizabethton Twins batting - Pitching for Pulaski Yankees : RHP Alex Roman
|
|
Batting: LHB David Ramos
|
0-0: Foul Ball, location: 2F 0-1: Ball 1-1: Ball 2-1: Foul Ball, location: 2F 2-2: Foul Ball, location: 2F 2-2: Foul Ball, location: 2F 2-2: Strikes out swinging
|
|
Batting: RHB Nestor Moreno
|
0-0: Called Strike 0-1: Ball 1-1: Ball 2-1: Foul Ball, location: 2F 2-2: Strikes out swinging
|
|
Batting: SHB Rodrigo Mendoza
|
0-0: Ball 1-0: Ball 2-0: Ball 3-0: Called Strike 3-1: Foul Ball, location: 2F 3-2: Base on Balls
|
|
Batting: RHB Jorge Corte
|
0-0: Called Strike 0-1: Foul Ball, location: 2F 0-2: Foul Ball, location: 2F 0-2: Ball 1-2: Ball 2-2: Foul Ball, location: 2F 2-2: Ball 3-2: Reached on error, E5 (Groundball, 15, EV 90.0 MPH) Rodrigo Mendoza to third
|
|
Batting: SHB Ed Mosqueda
|
0-0: Ball 1-0: Swinging Strike 1-1: Swinging Strike 1-2: Strikes out swinging
|
| Top of the 4th over - 0 runs, 0 hits, 1 error, 2 left on base; Elizabethton 2 - Pulaski 4 |
| BOTTOM OF THE 4TH |
|
Pulaski Yankees batting - Pitching for Elizabethton Twins : LHP Chris Smith
|
|
Pitching: RHP Takeru Inoue
|
|
|
Batting: RHB Tchaa Kombate
|
0-0: Foul Ball, location: 2F 0-1: Called Strike 0-2: Ball 1-2: Foul Ball, location: 2F 1-2: Strikes out swinging
|
|
Batting: RHB Edwin Sierra
|
0-0: Called Strike 0-1: Foul Ball, location: 2F 0-2: Ball 1-2: Strikes out swinging
|
|
Batting: RHB Mustafa bin Gamali
|
0-0: Swinging Strike 0-1: Called Strike 0-2: Foul Ball, location: 2F 0-2: Strikes out swinging
|
| Bottom of the 4th over - 0 runs, 0 hits, 0 errors, 0 left on base; Elizabethton 2 - Pulaski 4 |
| TOP OF THE 5TH |
|
Elizabethton Twins batting - Pitching for Pulaski Yankees : RHP Alex Roman
|
|
Pitching: LHP Jordan Medina
|
|
|
Batting: LHB Joey Zamora
|
0-0: Hit by Pitch
|
|
Batting: SHB Nadhir Umayr
|
0-0: Ball 1-0: Called Strike 1-1: Ball 2-1: Called Strike 2-2: Ball 3-2: Strikes out swinging
|
|
Batting: RHB Josh Harmon
|
0-0: Ball 1-0: Swinging Strike 1-1: Ball 2-1: Ball 3-1: Foul Ball, location: 2F 3-2: Base on Balls Joey Zamora to second
|
|
Batting: RHB Ratko Macura
|
0-0: Called Strike 0-1: Ball 1-1: Hit by Pitch Joey Zamora to third Josh Harmon to second
|
|
Batting: LHB David Ramos
|
0-0: Foul Ball, location: 2F 0-1: Called Strike 0-2: SINGLE (Groundball, 6MD, EV 96.9 MPH) Joey Zamora scores Josh Harmon to third Ratko Macura to second
|
|
Batting: RHB Nestor Moreno
|
0-0: Ball 1-0: Ball 2-0: Ball 3-0: Called Strike 3-1: Base on Balls Josh Harmon scores Ratko Macura to third David Ramos to second
|
|
Batting: SHB Rodrigo Mendoza
|
0-0: Foul Ball, location: 2F 0-1: Ball Passed Ball! Ratko Macura scores David Ramos to third Nestor Moreno to second 1-1: Ball 2-1: Foul Ball, location: 2F 2-2: Ball 3-2: Foul Ball, location: 2F 3-2: Base on Balls
|
|
Pitching: RHP Jon Campbell
|
|
|
Batting: RHB Jorge Corte
|
0-0: Ball 1-0: Foul Ball, location: 2F 1-1: Foul Ball, location: 2F 1-2: Strikes out swinging
|
|
Batting: SHB Ed Mosqueda
|
0-0: Called Strike 0-1: Ball 1-1: Foul Ball, location: 2F 1-2: Foul Ball, location: 2F 1-2: Ground out 6-3 (Groundball, 56, EV 106.9 MPH)
|
| Top of the 5th over - 3 runs, 1 hit, 0 errors, 3 left on base; Elizabethton 5 - Pulaski 4 |
| BOTTOM OF THE 5TH |
|
Pulaski Yankees batting - Pitching for Elizabethton Twins : RHP Takeru Inoue
|
|
Batting: LHB Carlos Palau
|
0-0: Swinging Strike 0-1: Foul Ball, location: 2F 0-2: Fly out, F8 (Flyball, 8RS, EV 85.6 MPH)
|
|
Batting: RHB Paul Ngumi
|
0-0: Foul Ball, location: 2F 0-1: Foul Ball, location: 2F 0-2: Foul Ball, location: 2F 0-2: Ball 1-2: Ball 2-2: Ball 3-2: Base on Balls
|
|
Batting: LHB Justin Short
|
0-0: Ball Paul Ngumi steals 2nd, throwing error, E2 Paul Ngumi to third 1-0: Ball 2-0: Foul Ball, location: 2F 2-1: Fly out, F7 (Flyball, 7LS, EV 80.6 MPH)
|
|
Batting: RHB Ken Stair
|
0-0: Ball 1-0: Ball 2-0: Swinging Strike 2-1: Swinging Strike 2-2: Ball 3-2: Strikes out swinging
|
| Bottom of the 5th over - 0 runs, 0 hits, 1 error, 1 left on base; Elizabethton 5 - Pulaski 4 |
| TOP OF THE 6TH |
|
Elizabethton Twins batting - Pitching for Pulaski Yankees : RHP Jon Campbell
|
|
Batting: LHB Joey Zamora
|
0-0: Foul Ball, location: 2F 0-1: Ball 1-1: Swinging Strike 1-2: Ground out 1-3 (Groundball, 13S, EV 70.6 MPH)
|
|
Batting: SHB Nadhir Umayr
|
0-0: Swinging Strike 0-1: Called Strike 0-2: Ball 1-2: Foul Ball, location: 2F 1-2: Ball 2-2: Fly out, F9 (Line Drive, 9, EV 86.9 MPH)
|
|
Batting: RHB Josh Harmon
|
0-0: Foul Ball, location: 2F 0-1: Foul Ball, location: 2F 0-2: Strikes out looking
|
| Top of the 6th over - 0 runs, 0 hits, 0 errors, 0 left on base; Elizabethton 5 - Pulaski 4 |
| BOTTOM OF THE 6TH |
|
Pulaski Yankees batting - Pitching for Elizabethton Twins : RHP Takeru Inoue
|
|
Batting: RHB Michael Patterson
|
0-0: Called Strike 0-1: Swinging Strike 0-2: Ball 1-2: Foul Ball, location: 2F 1-2: Foul Ball, location: 2F 1-2: Ball 2-2: Ground out 5-3 (Groundball, 56S, EV 89.4 MPH)
|
|
Batting: SHB Dylan Best
|
0-0: Called Strike 0-1: Foul Ball, location: 2F 0-2: Ball 1-2: Strikes out looking and he ARGUES THE CALL AND IS TOSSED!
|
|
Pitching: RHP Miguel Montelongo
|
|
|
Batting: RHB Yasuoka Tsuda
|
0-0: Ground out 6-3 (Groundball, 6, EV 109.4 MPH)
|
| Bottom of the 6th over - 0 runs, 0 hits, 0 errors, 0 left on base; Elizabethton 5 - Pulaski 4 |
| TOP OF THE 7TH |
|
Elizabethton Twins batting - Pitching for Pulaski Yankees : RHP Jon Campbell
|
|
Now at 1B: Chris Viehman
|
|
|
Batting: RHB Ratko Macura
|
0-0: Ball 1-0: Fly out, F8 (Flyball, 8RD, EV 96.9 MPH)
|
|
Batting: LHB David Ramos
|
0-0: Ball 1-0: Ground out 5-3 (Groundball, 56, EV 98.8 MPH)
|
|
Batting: RHB Nestor Moreno
|
0-0: Called Strike 0-1: Ball 1-1: Ball 2-1: Called Strike 2-2: Ball 3-2: Foul Ball, location: 2F 3-2: Strikes out looking
|
| Top of the 7th over - 0 runs, 0 hits, 0 errors, 0 left on base; Elizabethton 5 - Pulaski 4 |
| BOTTOM OF THE 7TH |
|
Pulaski Yankees batting - Pitching for Elizabethton Twins : RHP Miguel Montelongo
|
|
Pinch Hitting: RHB Victor Garcia
|
0-0: Ball 1-0: Ball 2-0: Called Strike 2-1: Foul Ball, location: 2F 2-2: Fly out, F7 (Flyball, 78M, EV 73.1 MPH)
|
|
Batting: RHB Mustafa bin Gamali
|
0-0: Called Strike 0-1: Ball 1-1: Ball 2-1: Swinging Strike 2-2: Strikes out swinging
|
|
Batting: LHB Carlos Palau
|
0-0: Fly out, F7 (Flyball, 78S, EV 93.8 MPH)
|
| Bottom of the 7th over - 0 runs, 0 hits, 0 errors, 0 left on base; Elizabethton 5 - Pulaski 4 |
| TOP OF THE 8TH |
|
Elizabethton Twins batting - Pitching for Pulaski Yankees : RHP Jon Campbell
|
|
Pitching: RHP Frank Medrano
|
|
|
Now at 3B: Victor Garcia
|
|
|
Batting: SHB Rodrigo Mendoza
|
0-0: Called Strike 0-1: Ground out 4-3 (Groundball, 4S, EV 87.5 MPH)
|
|
Batting: RHB Jorge Corte
|
0-0: Ball 1-0: Ball 2-0: Called Strike 2-1: Foul Ball, location: 2F 2-2: Foul Ball, location: 2F 2-2: Ball 3-2: SINGLE (Groundball, 6D, EV 98.1 MPH)
|
|
Batting: SHB Ed Mosqueda
|
0-0: Called Strike 0-1: Swinging Strike 0-2: Foul Ball, location: 2F 0-2: Ball 1-2: Ball 2-2: Ball Wild Pitch! Jorge Corte to second 3-2: Foul Ball, location: 2F 3-2: Foul Ball, location: 2F 3-2: Foul Ball, location: 2F 3-2: Ground out U3 (Groundball, 3, EV 86.2 MPH) Jorge Corte to third
|
|
Batting: LHB Joey Zamora
|
0-0: Foul Ball, location: 2F 0-1: Swinging Strike 0-2: Foul Ball, location: 2F 0-2: Foul Ball, location: 2F 0-2: Ball 1-2: Foul Ball, location: 2F 1-2: Ball 2-2: Ground out 4-3 (Groundball, 4, EV 99.4 MPH)
|
| Top of the 8th over - 0 runs, 1 hit, 0 errors, 1 left on base; Elizabethton 5 - Pulaski 4 |
| BOTTOM OF THE 8TH |
|
Pulaski Yankees batting - Pitching for Elizabethton Twins : RHP Miguel Montelongo
|
|
Now in LF: Raul Aldaz
|
|
|
Batting: RHB Paul Ngumi
|
0-0: Ball 1-0: Called Strike 1-1: Called Strike 1-2: Ball 2-2: Fly out, F9 (Flyball, 9D, EV 88.8 MPH)
|
|
Batting: LHB Justin Short
|
0-0: Ball 1-0: Ball 2-0: Ball 3-0: Base on Balls
|
|
Batting: RHB Ken Stair
|
0-0: Swinging Strike 0-1: Swinging Strike 0-2: Fly out, F9 (Flyball, 9, EV 94.4 MPH)
|
|
Batting: RHB Michael Patterson
|
0-0: 2-RUN HOME RUN (Flyball, 9LD, EV 91.9 MPH), Distance : 354 ft
|
|
Batting: LHB Chris Viehman
|
0-0: Called Strike 0-1: Foul Ball, location: 2F 0-2: Ground out 4-3 (Groundball, 34, EV 81.2 MPH)
|
| Bottom of the 8th over - 2 runs, 1 hit, 0 errors, 0 left on base; Elizabethton 5 - Pulaski 6 |
| TOP OF THE 9TH |
|
Elizabethton Twins batting - Pitching for Pulaski Yankees : RHP Frank Medrano
|
|
Pitching: RHP Matt Elliott
|
|
|
Batting: SHB Nadhir Umayr
|
0-0: Ball 1-0: Foul Ball, location: 2F 1-1: Ball 2-1: Swinging Strike 2-2: Ball 3-2: SINGLE (Groundball, 56S, EV 85.6 MPH) (infield hit)
|
|
Batting: RHB Josh Harmon
|
0-0: Called Strike 0-1: Ball 1-1: Foul Ball, location: 2F 1-2: Ball 2-2: Ball 3-2: SINGLE (Flyball, 7LS, EV 98.1 MPH) Nadhir Umayr to second
|
|
Pinch Hitting: LHB George Roben
|
0-0: Ball Wild Pitch! Nadhir Umayr to third Josh Harmon to second 1-0: Intentional Walk
|
|
Batting: LHB David Ramos
|
0-0: Ball 1-0: Ball 2-0: Ball 3-0: Called Strike 3-1: Base on Balls Nadhir Umayr scores Josh Harmon to third George Roben to second
|
|
Pinch Hitting: LHB Diego Gutierres
|
0-0: Reached on error, E8 (Flyball, 8LD, EV 91.2 MPH) Josh Harmon scores George Roben scores David Ramos to third
|
|
Batting: SHB Rodrigo Mendoza
|
0-0: Called Strike 0-1: Ball 1-1: Ball 2-1: Called Strike 2-2: DOUBLE (Flyball, 78D, EV 96.9 MPH) David Ramos scores Diego Gutierres scores
|
|
Pitching: RHP Eric Patrick
|
|
|
Batting: RHB Jorge Corte
|
0-0: Swinging Strike 0-1: Foul Ball, location: 2F 0-2: Ball 1-2: Ball 2-2: DOUBLE (Flyball, 78D, EV 97.5 MPH) Rodrigo Mendoza scores
|
|
Batting: SHB Ed Mosqueda
|
0-0: Foul Ball, location: 2F 0-1: Reached on error, E6 (Groundball, 6MS, EV 85.0 MPH) Jorge Corte to third
|
|
Batting: LHB Raul Aldaz
|
0-0: Ball 1-0: Called Strike 1-1: Called Strike 1-2: Strikes out looking
|
|
Batting: SHB Nadhir Umayr
|
0-0: Swinging Strike 0-1: Ball 1-1: Called Strike 1-2: Ball 2-2: Ball 3-2: Strikes out swinging
|
|
Batting: RHB Josh Harmon
|
0-0: Fly out, F5 (Popup, 5S, EV 77.5 MPH)
|
| Top of the 9th over - 6 runs, 4 hits, 2 errors, 2 left on base; Elizabethton 11 - Pulaski 6 |
| BOTTOM OF THE 9TH |
|
Pulaski Yankees batting - Pitching for Elizabethton Twins : RHP Miguel Montelongo
|
|
Now at C: Wil Patterson
|
|
|
Now in LF: Bill Lorimer
|
|
|
Now in CF: Raul Aldaz
|
|
|
Batting: RHB Yasuoka Tsuda
|
0-0: Ball 1-0: Ball 2-0: Ball 3-0: Called Strike 3-1: Foul Ball, location: 2F 3-2: Fly out, F8 (Line Drive, 8RM, EV 105.0 MPH)
|
|
Pinch Hitting: LHB Troy Jones
|
0-0: Foul Ball, location: 2F 0-1: Fly out, F8 (Flyball, 8RS, EV 83.8 MPH)
|
|
Pinch Hitting: RHB Arturo Gomez
|
0-0: Called Strike 0-1: Ball 1-1: Ball 2-1: Called Strike 2-2: Fly out, F9 (Flyball, 89XD, EV 91.9 MPH)
|
| Bottom of the 9th over - 0 runs, 0 hits, 0 errors, 0 left on base; Elizabethton 11 - Pulaski 6 |
|